[Event "*** SCC Grand Prix: Titled Tuesday Blitz"]
[Site "Chess.com"]
[Date "2020.07.21"]
[Round "10"]
[White "boo786"]
[Black "Denmark2015"]
[Result "0-1"]
[WhiteElo "2394"]
[BlackElo "2606"]
[TimeControl "180+1"]
[EndTime "12:00:21 PDT"]
[Termination "Denmark2015 won on time"]

1. Nf3 d5 2. d4 c6 3. c4 Nf6 4.
Nc3 e6 5. e3 Nbd7 6. a3 Bd6 7.
Bd3 dxc4 8. Bxc4 O-O 9. O-O Qe7 10. Qc2 e5 11. h3 e4 12. Ng5 Nb6 13. Ba2 Bf5 14.
f3 Rae8 15. Ngxe4 Nxe4 16. fxe4 Bxe4 17. Nxe4 Qxe4 18. Qxe4 Rxe4 19. Bd2 Nd5 20. Bxd5 cxd5 21. Rf5 Rd8 22. Kf2 Bc7 23. Rc1 Bb6 24. a4 g6 25.
Rf3 a5 26. Rc3 f5 27. Rb3 Re6 28. Rb5 Rc6 29. Bc3 Kf7 30. Ke2 Ke6 31. Kd3 Ra8 32.
g4 Ra7 33. gxf5+ gxf5 34. Rg3 Bd8 35. Rg7 Rc7 36. Rg8 Rd7 37. Re8+ Kf7 38. Re5 Kf6 39. Rexd5 Rxd5 40. Rxd5 Be7 41. Rxa5 Rxa5 42. Bxa5 Kg5 43. Bb6 Kh4 44. Bc5 Bd8 45. b4 Kxh3 46. a5 h5 47. d5 Kg2 48. Bb6 Bf6 49. b5 h4 50.
a6 h3 51. a7 h2 0-1

[Event "*** SCC Grand Prix: Titled Tuesday Blitz"]
[Site "Chess.com"]
[Date "2020.07.21"]
[Round "10"]
[White "Sibelephant"]
[Black "GOGIEFF"]
[Result "1-0"]
[WhiteElo "3102"]
[BlackElo "2909"]
[TimeControl "180+1"]
[EndTime "12:00:24 PDT"]
[Termination "Sibelephant won by resignation"]

1. c4 Nf6 2. g3 g6 3. Bg2 Bg7 4. Nc3 O-O 5. Nf3 Nc6 6. O-O a6 7. b3 Rb8 8. Bb2 b5 9. d3 d6 10. Rc1 Bd7 11. Qd2 e5 12. e3 h6 13. Rfd1 Ne7 14.
h3 c5 15. Ne4 Bc6 16. Nxf6+ Bxf6 17. Qe2 Bg7 18. Nd2 Bxg2 19. Kxg2 Re8 20. Ne4 Qd7 21. Qf3 f5 22. Nc3 Qb7 23. Rc2 b4 24. Qxb7 Rxb7 25. Ne2 Nc6 26. d4 exd4 27. exd4 Rbe7 28. Rdd2 g5 29.
Kf1 Kf7 30. dxc5 dxc5 31. Bxg7 Kxg7 32. Rd5 Re5 33. Rd7+ R8e7 34. Rcd2 Kf6 35. R7d6+ R7e6 36. R6d5 Rxd5 37. cxd5 Rxe2 38. Kxe2 Nd4+ 39. Kd3 Nf3 40. Re2 Ne5+ 41. Ke3 Nf7 42. Kd2 Ne5 43. f4 gxf4 44. gxf4 Nf3+ 45. Kd3 Nd4 46. Re1 Nf3 47. Re6+ 1-0

[Event "*** SCC Grand Prix: Titled Tuesday Blitz"]
[Site "Chess.com"]
[Date "2020.07.21"]
[Round "10"]
[White "Jospem"]
[Black "hansen"]
[Result "0-1"]
[WhiteElo "2860"]
[BlackElo "2934"]
[TimeControl "180+1"]
[EndTime "12:00:24 PDT"]
[Termination "hansen won by resignation"]

1. e4 e5 2. Nf3 Nc6 3. Bc4 Bc5 4. c3 Nf6 5. d3 O-O 6. O-O a6 7. Bb3 d6 8. Nbd2 h6 9. h3 Re8 10. Re1 Be6 11. Bxe6 Rxe6 12. Nf1 d5 13. Ng3 Qd7 14. b4 Bb6 15. Bd2 Rae8 16. a4 dxe4 17. dxe4 Qd3 18.
Qe2 Rd8 19. Qxd3 Rxd3 20. Rac1 a5 21. Kf1 Red6 22. Rc2 axb4 23. cxb4 Rb3 24. b5 Nd4 25. Nxd4 Rxd4 26. a5 Rxd2 27. Rxd2 Bxa5 28. Rd8+ Kh7 29. Red1 Rxb5 30. Rf8 Kg6 31. f3 Rb2 32. Nf5 Bb6 33.
h4 Nh5 34. g4 Nf4 35. Ne7+ Kh7 36. Ra1 Rh2 37. Ke1 Rh1+ 38. Kd2 Rxa1 39. Rxf7 Ra2+ 40. Kd1 Ra1+ 41. Kd2 Rf1 42. Nf5 Ne6 43. Re7 Rf2+ 44. Ke1 Nf4 45. Rxg7+ Kh8 46. Rd7 Ng2+ 47. Kd1 Ne3+ 48. Ke1 Nxf5 49. exf5 Rxf3 50. Re7 Rf4 51. g5 hxg5 52. hxg5 Rxf5 0-1

[Event "*** SCC Grand Prix: Titled Tuesday Blitz"]
[Site "Chess.com"]
[Date "2020.07.21"]
[Round "10"]
[White "Reader777"]
[Black "kirillshevchenko"]
[Result "0-1"]
[WhiteElo "2661"]
[BlackElo "2897"]
[TimeControl "180+1"]
[EndTime "12:00:24 PDT"]
[Termination "kirillshevchenko won by resignation"]

1. d4 Nf6 2. c4 g6 3. Nc3 Bg7 4.
e4 d6 5. f4 O-O 6. Nf3 c5 7.
d5 e6 8. Be2 exd5 9. cxd5 Bg4 10.
e5 dxe5 11. fxe5 Nfd7 12. e6 fxe6 13. O-O Na6 14. dxe6 Bxe6 15. Ng5 Bd4+ 16. Kh1 Qe7 17. Nxe6 Qxe6 18. Bf3 Kg7 19. Bxb7 Rxf1+ 20. Qxf1 Rf8 21.
Bf3 Ne5 22. Qe2 Nc7 23. Ne4 Nxf3 24. gxf3 Nd5 25. Bd2 Qf5 26. Ng5 Kg8 27. Re1 h6 28.
Ne6 Qxf3+ 29. Qxf3 Rxf3 30. Bxh6 Rf2 31. Nxd4 cxd4 32.
Rd1 Ne3 33. Bxe3 dxe3 34. Re1 Rxb2 35. Rxe3 Rxa2 36. Re7 a5 37. Ra7 a4 38. Kg1 a3 39.
h3 Kf8 40. h4 Ke8 41. Ra6 Kd7 42. Ra5 Kc6 43. Ra4 Kb5 44. Ra8 Kb4 45. Rb8+ Kc3 46. Rc8+ Kb3 47. Rb8+ Kc2 48. Kg2 Rb2 49. Ra8 a2 50. Kg3 Kb1 51. Kg4 a1=Q 52. Rxa1+ Kxa1 53. Kg5 Rb6 0-1

[Event "*** SCC Grand Prix: Titled Tuesday Blitz"]
[Site "Chess.com"]
[Date "2020.07.21"]
[Round "10"]
[White "MF1966Idrisov"]
[Black "White_Ghost"]
[Result "1-0"]
[WhiteElo "2373"]
[BlackElo "2500"]
[TimeControl "180+1"]
[EndTime "12:00:24 PDT"]
[Termination "MF1966Idrisov won on time"]

1. Nf3 d5 2. b3 Nf6 3. Bb2 Bf5 4.
e3 e6 5. d4 Be7 6. Bd3 Bg6 7.
O-O O-O 8. Ne5 Nbd7 9. f4 Ne4 10. Nxd7 Qxd7 11. Nd2 f5 12. Bxe4 fxe4 13. c4 c6 14.
a4 Qe8 15. Ba3 Bh5 16. Qe1 Bxa3 17. Rxa3 Qe7 18. c5 b6 19. Qc1 bxc5 20. dxc5 Be2 21. Re1 Bd3 22. b4 e5 23. g3 exf4 24. exf4 Qf6 25.
Qa1 Qg6 26. Qe5 Rae8 27. Qc7 Rf7 28. Qd6 Re6 29. Qb8+ Rf8 30. Qc7 Ref6 31. Kh1 a6 32. b5 axb5 33. axb5 Bxb5 34. Rea1 h5 35. Ra8 h4 36.
Rxf8+ Rxf8 37. Kg2 Bd3 38. Nf1 d4 39. Qe5 Rd8 40. Ra7 e3 41. Re7 Bc4 42. f5 Qg5 43.
Re8+ Rxe8 44. Qxe8+ Kh7 45. Qe5 Bd5+ 46. Kh3 1-0

[Event "*** SCC Grand Prix: Titled Tuesday Blitz"]
[Site "Chess.com"]
[Date "2020.07.21"]
[Round "10"]
[White "Duong57"]
[Black "yuliagok"]
[Result "1-0"]
[WhiteElo "2304"]
[BlackElo "2110"]
[TimeControl "180+1"]
[EndTime "12:00:25 PDT"]
[Termination "Duong57 won by resignation"]

1. d4 Nf6 2. c4 e6 3. Nc3 Bb4 4. Qc2 O-O 5. a3 Bxc3+ 6. Qxc3 d5 7. Bg5 h6 8. Bh4 Nbd7 9. e3 c6 10. Nf3 g5 11. Bg3 Ne4 12. Qc2 f5 13. Bd3 Nxg3 14. hxg3 Kg7 15. c5 Qf6 16. O-O-O Rh8 17. Rh2 Nf8 18.
g4 Ng6 19. gxf5 exf5 20. g3 Bd7 21. Rdh1 b6 22. Nd2 bxc5 23. Qxc5 Qe7 24. Qc2 Qf6 25. Nb3 a5 26. Nc5 Bc8 27. Kb1 Ra7 28. f4 g4 29. Rh5 Ne7 30. Qh2 Ng8 31. Qc2 Ne7 32.
a4 Rc7 33. Qc3 Ra7 34. Qc2 Bd7 35. Nxd7 Rxd7 36. Bxf5 Rc7 37. Bxg4 Qg6 38. Qxg6+ Nxg6 39. Bf5 c5 40. Bxg6 Kxg6 41. Rxd5 cxd4 42. Rxd4 Rb8 43. Rh2 Rbc8 44. Rd6+ Kg7 45. Rdxh6 Rc1+ 46. Ka2 Rd8 47.
Rh7+ Kg6 48. e4 1-0

[Event "*** SCC Grand Prix: Titled Tuesday Blitz"]
[Site "Chess.com"]
[Date "2020.07.21"]
[Round "10"]
[White "m-garcett"]
[Black "BJthechessgod"]
[Result "0-1"]
[WhiteElo "2065"]
[BlackElo "2293"]
[TimeControl "180+1"]
[EndTime "12:00:26 PDT"]
[Termination "BJthechessgod won by resignation"]

1. e4 c5 2. Bc4 Nc6 3. Nf3 g6 4. d4 cxd4 5. Nxd4 Bg7 6. Be3 Nf6 7. Nc3 O-O 8. f3 Qb6 9. Bb3 Nxe4 10. Nd5 Qa5+ 11.
c3 Nc5 12. Nxc6 dxc6 13. Nxe7+ Kh8 14. Nxc8 Raxc8 15. O-O Nxb3 16. axb3 Qb5 17. Rxa7 Rcd8 18. Qc2 Rfe8 19. Bf2 Re2 20. Rd1 Rxc2 21. Rxd8+ Bf8 22.
Bd4+ Kg8 23. Raa8 Rc1+ 24. Kf2 Rf1+ 25. Ke3 Re1+ 26. Kf2 Qe2+ 27. Kg3 Qe7 28. Rxf8+ Qxf8 29. Rxf8+ Kxf8 30. b4 Re2 31. b3 Rb2 32. c4 Rxb3 33. Kf4 Ke7 34. Bc5+ Ke6 35. Ke4 f5+ 36. Kf4 Rb2 37.
g3 Rxh2 38. g4 fxg4 39. fxg4 Rg2 40. b5 Rc2 41. bxc6 bxc6 42. Be3 Rxc4+ 43. Kg5 Ra4 44. Kh6 Rxg4 45. Kxh7 Kf5 46. Kg7 Rg3 47. Bc5 g5 48. Kf7 Rg2 49. Ke7 g4 50. Kd6 g3 51. Kxc6 Rc2 52. Kd5 Rxc5+ 53. Kxc5 g2 0-1

[Event "*** SCC Grand Prix: Titled Tuesday Blitz"]
[Site "Chess.com"]
[Date "2020.07.21"]
[Round "10"]
[White "PawnEatingZombie"]
[Black "pfalcon1949"]
[Result "1-0"]
[WhiteElo "2211"]
[BlackElo "1998"]
[TimeControl "180+1"]
[EndTime "12:00:27 PDT"]
[Termination "PawnEatingZombie won by checkmate"]

1. d4 Nf6 2. c4 e6 3. Nc3 Bb4 4. Qc2 O-O 5. e4 d5 6. e5 Ne4 7. Bd3 c5 8. Nf3 cxd4 9. Nxd4 Nd7 10. Bf4 Qh4 11. g3 Qh3 12. O-O-O Bxc3 13. bxc3 Ndc5 14.
Bf1 Qh5 15. Be2 Qg6 16. Be3 f6 17. f3 fxe5 18. Nb5 Nf6 19. Qxg6 hxg6 20. Bxc5 Rf7 21.
Be3 a6 22. Na3 Rc7 23. Kb2 Bd7 24. g4 Bc6 25. Rhe1 Rac8 26. Bb6 Rf7 27. c5 Nd7 28. Nc2 Nxb6 29. cxb6 Rcf8 30. Nb4 Rc8 31. Nxc6 Rxc6 32.
Rb1 Rxb6+ 33. Kc2 Rxb1 34. Kxb1 Rc7 35. Kc2 Kf7 36. Bd3 d4 37. Rxe5 Rxc3+ 38. Kd2 Ra3 39. Bc4 Rxf3 40. Rxe6 Kf8 41. Rb6 Rf2+ 42. Kd3 Rxh2 43.
Rxb7 Rh3+ 44. Kxd4 Rg3 45. Be6 Ra3 46. Ke5 g5 47. Kf5 Ra5+ 48. Kg6 Rb5 49. Rxb5 axb5 50. Kxg5 Ke7 51. Bb3 Kd6 52. Kg6 Kc5 53. Kxg7 Kb4 54.
Kf6 Ka3 55. g5 Kb2 56. g6 Kc3 57. g7 b4 58. g8=Q Kb2 59. Qg2+ Ka3 60. Qf3 Kb2 61. Qd5 Kc3 62. Qc4+ Kb2 63. Qxb4 Ka1 64. a4 Kb2 65. a5 Kc1 66. a6 Kb2 67. a7 Kb1 68.
a8=Q Kb2 69. Qg2+ Kb1 70. Qe1# 1-0

[Event "*** SCC Grand Prix: Titled Tuesday Blitz"]
[Site "Chess.com"]
[Date "2020.07.21"]
[Round "10"]
[White "frederiksvane"]
[Black "Crazy_girl99"]
[Result "0-1"]
[WhiteElo "2649"]
[BlackElo "2500"]
[TimeControl "180+1"]
[EndTime "12:00:28 PDT"]
[Termination "Crazy_girl99 won by resignation"]

1. e4 e5 2. Nf3 Nc6 3. Bb5 a6 4. Ba4 Nf6 5. O-O Nxe4 6. d4 b5 7. Bb3 d5 8. dxe5 Be6 9. Nbd2 Nc5 10. c3 Be7 11. Bc2 d4 12. cxd4 Nxd4 13. Nxd4 Qxd4 14. Nf3 Qxd1 15. Rxd1 O-O 16. Be3 Rad8 17. Nd4 Rfe8 18. Nc6 Rxd1+ 19. Rxd1 Bf8 20. Nb4 a5 21. Nd5 Rc8 22.
b3 h6 23. h3 a4 24. Bxc5 Bxc5 25. bxa4 bxa4 26. Bxa4 c6 27. Nc3 Bb4 28. Rc1 c5 29. Bb3 c4 30. Bd1 Rd8 31. Be2 Rd2 32. Bf1 Ba3 33.
Rd1 Rc2 34. Ne4 Rxa2 35. Nd6 c3 36. Nb5 c2 37. Rd8+ Kh7 38. Rc8 c1=Q 39. Rxc1 Bxc1 40. Bd3+ g6 41. Nd6 Ra1 42. Kh2 Bf4+ 43. g3 Bxe5 44. Ne4 Bf5 45. Kg2 Bxe4+ 46. Bxe4 Ra2 47. Kf1 Bd4 48.
f4 Rf2+ 49. Ke1 Kg7 50. Bd3 f5 51. Bf1 Rh2 52. Bc4 Bf2+ 53. Ke2 Bxg3+ 54. Kf3 Bxf4 55.
Kxf4 Rxh3 56. Ke5 Rh4 57. Bd5 Rb4 58. Bf3 g5 59. Kxf5 Rf4+ 60. Ke5 Rxf3 61. Ke6 Rf7 0-1

[Event "*** SCC Grand Prix: Titled Tuesday Blitz"]
[Site "Chess.com"]
[Date "2020.07.21"]
[Round "10"]
[White "FairChess_on_YouTube"]
[Black "swimmerchess"]
[Result "1-0"]
[WhiteElo "2994"]
[BlackElo "2804"]
[TimeControl "180+1"]
[EndTime "12:00:29 PDT"]
[Termination "FairChess_on_YouTube won by resignation"]

1. e4 c5 2. Nc3 Nc6 3. Nge2 Nf6 4.
d4 cxd4 5. Nxd4 d6 6. h3 e5 7.
Nf3 h6 8. Bc4 Be7 9. a3 O-O 10.
O-O Be6 11. Ba2 Rc8 12. Be3 a6 13. Qd3 Na5 14. Nd2 b5 15. Rfd1 Qc7 16. Nd5 Bxd5 17.
exd5 Qxc2 18. Qxc2 Rxc2 19. b4 Nb7 20. Bb3 Rc3 21. a4 Rfc8 22. axb5 axb5 23. Ra7 R8c7 24.
Bb6 Rd7 25. Ba2 Bd8 26. Rxb7 Rxb7 27. Bxd8 Rd3 28. Bxf6 gxf6 29. Kf1 Ra7 30. Ke2 Rd4 31. Bb1 Rxb4 32. Ne4 Ra6 33. Nxf6+ Kf8 34. Bf5 Ra2+ 35. Ke3 Rbb2 36. g4 Re2+ 37. Kf3 Rxf2+ 38. Kg3 Rfd2 39. Rc1 Ra8 40. Rc7 Kg7 41. Nh5+ Kf8 42. Nf6 Kg7 43. Nh5+ Kf8 44. Kh4 b4 45. Nf6 Kg7 46. Nh5+ Kf8 47. Nf6 Kg7 48. Ne4 Rxd5 49. Be6 Rd4 50. Bxf7 Kf8 51.
Nf6 Ra3 52. Be6 1-0

[Event "*** SCC Grand Prix: Titled Tuesday Blitz"]
[Site "Chess.com"]
[Date "2020.07.21"]
[Round "10"]
[White "1977Ivan"]
[Black "Andreikka"]
[Result "1-0"]
[WhiteElo "2744"]
[BlackElo "2885"]
[TimeControl "180+1"]
[EndTime "12:00:29 PDT"]
[Termination "1977Ivan won by checkmate"]

1. c4 Nf6 2. Nc3 e5 3. Nf3 Nc6 4. g3 Bb4 5. Nd5 e4 6. Nh4 d6 7.
Qa4 Bc5 8. b4 Bd4 9. Rb1 O-O 10.
e3 Be5 11. Bg2 g5 12. b5 Ne7 13. f4 gxh4 14. fxe5 Nfxd5 15. cxd5 dxe5 16. Bxe4 Nxd5 17. Bc2 f5 18. Ba3 Rf7 19. Qxh4 Qxh4 20. gxh4 Be6 21. Rg1+ Rg7 22. Kf2 Nf6 23. Bb2 Ng4+ 24. Ke2 Bxa2 25. Ra1 Bc4+ 26. d3 Bxb5 27. Bb3+ Kh8 28. h3 Rd8 29. Rad1 Bxd3+ 30. Rxd3 Rxd3 31. Kxd3 Nf2+ 32.
Ke2 Rxg1 33. Bxe5+ Rg7 34. Kxf2 b5 35. Kf3 c5 36. Bd5 a5 37. Kf4 c4 38. Kxf5 a4 39.
Bc3 a3 40. Ba1 a2 41. e4 h5 42. e5 Ra7 43. e6+ Kh7 44. Kf6 Ra6 45. Kf7 b4 46.
Bxc4 Ra7+ 47. e7 Rc7 48. Bd3+ Kh6 49. Bg7# 1-0

[Event "*** SCC Grand Prix: Titled Tuesday Blitz"]
[Site "Chess.com"]
[Date "2020.07.21"]
[Round "10"]
[White "Zenzo"]
[Black "ikhasu"]
[Result "1-0"]
[WhiteElo "2558"]
[BlackElo "2395"]
[TimeControl "180+1"]
[EndTime "12:00:29 PDT"]
[Termination "Zenzo won on time"]

1. e4 e5 2. Nf3 Nf6 3. Nxe5 d6 4. Nf3 Nxe4 5. Nc3 Nf6 6. d4 d5 7. Bd3 Be7 8. O-O O-O 9. h3 h6 10. Re1 c5 11. dxc5 Bxc5 12. Be3 Bxe3 13. Rxe3 Nc6 14.
Re2 Be6 15. Qd2 Qb6 16. Na4 Qb4 17. Qxb4 Nxb4 18. Nc5 Nxd3 19. Nxd3 Bf5 20. Rd1 Rac8 21. Nd4 Be4 22. f3 Bh7 23. c3 Rfe8 24. Kf2 Rxe2+ 25.
Nxe2 Kf8 26. Nb4 Rd8 27. Nf4 g5 28. Nfxd5 a5 29. Rd4 Nh5 30. Nd3 Rd6 31. Ne5 Bb1 32. a3 Ba2 33. Ne3 Rxd4 34. cxd4 Ke7 35. Nf5+ Ke6 36.
Nxh6 f6 37. Neg4 Kd5 38. Ke3 Bb1 39. Ng8 Ke6 40. Nf2 Nf4 41. g3 Nd5+ 42. Kd2 Bh7 43. Nh6 f5 44. g4 f4 45. Ne4 1-0

[Event "*** SCC Grand Prix: Titled Tuesday Blitz"]
[Site "Chess.com"]
[Date "2020.07.21"]
[Round "10"]
[White "maxip32"]
[Black "JoliyRoger"]
[Result "1-0"]
[WhiteElo "2419"]
[BlackElo "2311"]
[TimeControl "180+1"]
[EndTime "12:00:29 PDT"]
[Termination "maxip32 won on time"]

1. e4 c6 2. d4 d5 3. e5 Bf5 4. h4 Qb6 5. c3 h6 6. g4 Bxb1 7. Rxb1 e6 8. h5 c5 9. f4 Nc6 10. Nf3 Nge7 11. Be3 Rc8 12. a3 cxd4 13. cxd4 Na5 14.
Bd3 Nc4 15. Kf2 Nxb2 16. Qd2 Nxd3+ 17. Qxd3 Qc7 18. Rhc1 Nc6 19. Qb5 Bxa3 20. Rc3 Be7 21. Qxb7 O-O 22. Qa6 Qd7 23. Rb7 Qe8 24. g5 Nb4 25. Rxc8 Nxa6 26. Rxe8 Rxe8 27. Rxa7 Nb4 28. gxh6 gxh6 29. f5 Bf8 30. f6 Rc8 31. Ke2 Rc2+ 32. Bd2 Rc8 33. Rb7 Nc6 34. Kd3 Rb8 35. Rc7 Nb4+ 36.
Ke2 Na6 37. Ra7 Nb4 38. Nh2 Nc6 39. Ra4 Bb4 40. Bxb4 Rxb4 41. Rxb4 Nxb4 42. Ng4 Kh7 43. Kd2 Nc6 44. Kc3 Na5 45. Kb4 Nc4 46. Kc5 Nd2 47. Kd6 Nf3 48. Ke7 Ng5 49. Kf8 1-0

[Event "*** SCC Grand Prix: Titled Tuesday Blitz"]
[Site "Chess.com"]
[Date "2020.07.21"]
[Round "10"]
[White "CrushingKings"]
[Black "NikolaGry"]
[Result "0-1"]
[WhiteElo "2531"]
[BlackElo "2646"]
[TimeControl "180+1"]
[EndTime "12:00:33 PDT"]
[Termination "NikolaGry won by resignation"]

1. e4 e5 2. Nf3 d6 3. d4 exd4 4.
Nxd4 Nf6 5. Nc3 g6 6. g3 Bg7 7.
Bg2 O-O 8. O-O Bd7 9. h3 Nc6 10. Nb3 Re8 11. Re1 a5 12. a3 a4 13. Nd2 Na5 14.
Nf3 Nc6 15. Qd3 Be6 16. Bf4 Nd7 17. Rad1 h6 18. Qb5 Nc5 19. Be3 Ra5 20. Qf1 Nd7 21. Nd4 Nxd4 22. Bxd4 Bxd4 23. Rxd4 Nb6 24. f4 Qf6 25.
Rb4 Rc5 26. e5 dxe5 27. Ne4 Qe7 28. fxe5 Rxc2 29. Nf6+ Kg7 30. Nxe8+ Qxe8 31. Qf6+ Kh7 32. Rd1 Nd7 33. Qf4 Bb3 34. Rbd4 Nxe5 35. Rd8 Qe7 36. Re1 Rc5 37. Rd4 Kg7 38. Rde4 f6 39. Qe3 Bf7 40. Rf4 b5 41. Be4 Rc4 42. h4 g5 43. Rf2 Ng4 44. Qf3 Nxf2 45. Kxf2 Qe5 46. Bd3 Qxb2+ 47. Re2 Qd4+ 48. Qe3 Qxe3+ 49. Kxe3 Rc3 50.
Kd4 Rxd3+ 51. Kxd3 Bc4+ 52. Ke3 Bxe2 53. Kxe2 b4 54.
Kf3 bxa3 0-1

[Event "*** SCC Grand Prix: Titled Tuesday Blitz"]
[Site "Chess.com"]
[Date "2020.07.21"]
[Round "10"]
[White "Evachess2006"]
[Black "Klavdia_Nik"]
[Result "1-0"]
[WhiteElo "1617"]
[BlackElo "2009"]
[TimeControl "180+1"]
[EndTime "12:00:33 PDT"]
[Termination "Evachess2006 won on time"]

1. e4 e5 2. Nf3 Nc6 3. Bc4 Be7 4. d3 Nf6 5. Ng5 O-O 6. Qf3 Nd4 7. Qd1 d5 8. exd5 Nxd5 9. Bxd5 Qxd5 10. O-O h6 11.
Nf3 c5 12. Nxd4 cxd4 13. Qf3 Qxf3 14. gxf3 Bh3 15. Re1 Rac8 16. Na3 Bxa3 17. bxa3 f6 18. Re2 Rc6 19. f4 Bg4 20. Rd2 Rfc8 21. fxe5 fxe5 22. Bb2 Rxc2 23. Rxc2 Rxc2 24. Rb1 Bf3 25. Kf1 g5 26.
Ke1 Kf7 27. Ba1 Rxa2 28. Bb2 Ke6 29. Kd2 a5 30. Kc2 a4 31. Rc1 g4 32. Kb1 Bd5 33. Rc5 Kd6 34. Rb5 Kc6 35. Rxd5 Kxd5 36. Kxa2 e4 37. dxe4+ Kxe4 38. Bc1 Kf3 39. Kb2 h5 40. Kc2 Kxf2 41. Bf4 Ke2 42. Bd2 1-0

[Event "*** SCC Grand Prix: Titled Tuesday Blitz"]
[Site "Chess.com"]
[Date "2020.07.21"]
[Round "10"]
[White "Dedic8"]
[Black "OparinGrigoriy"]
[Result "0-1"]
[WhiteElo "2790"]
[BlackElo "2946"]
[TimeControl "180+1"]
[EndTime "12:00:34 PDT"]
[Termination "OparinGrigoriy won by resignation"]

1. e4 e5 2. Nf3 Nc6 3. Bb5 f5 4. d3 fxe4 5. dxe4 Nf6 6. O-O d6 7.
Qd3 Be7 8. a4 O-O 9. a5 a6 10.
Bc4+ Kh8 11. Nc3 Qe8 12. Ne2 Bg4 13. Ng3 Nh5 14. Nxh5 Qxh5 15. Ne1 Nd4 16. f3 Bd7 17. Be3 Bg5 18. c3 Bxe3+ 19. Qxe3 Ne6 20. Bxe6 Bxe6 21.
Nd3 g5 22. Rac1 Bc4 23. Rf2 Rf7 24. b3 Bxd3 25. Qxd3 Raf8 26. c4 g4 27. fxg4 Qxg4 28. Rxf7 Rxf7 29. h3 Qf4 30. Rc2 Kg7 31. b4 h5 32. b5 h4 33. bxa6 bxa6 34. c5 dxc5 35. Kh1 Qg3 36. Qe2 Qf4 37. Rxc5 Rd7 38. Rc2 Rd4 39.
Rb2 Kf6 40. Rc2 Rxe4 41. Rc6+ Kg5 42. Qd1 Rd4 43. Qe1 e4 44. Rc5+ Kf6 45. Rc6+ Rd6 46. Rc4 Re6 47. Qa1+ Kg6 48. Qb1 Qf5 49. Qe1 e3 50. Rxh4 e2 51. Rg4+ Kf7 52. Rg3 Qf1+ 0-1

[Event "*** SCC Grand Prix: Titled Tuesday Blitz"]
[Site "Chess.com"]
[Date "2020.07.21"]
[Round "10"]
[White "mariangie523"]
[Black "nobodyperfect13"]
[Result "1/2-1/2"]
[WhiteElo "2050"]
[BlackElo "2280"]
[TimeControl "180+1"]
[EndTime "12:00:34 PDT"]
[Termination "Game drawn by repetition"]

1. e4 c5 2. Nf3 e6 3. d4 cxd4 4. Nxd4 a6 5. c4 Qc7 6. Nc3 Nf6 7. Be3 b6 8. Be2 Bb7 9. f3 d6 10. O-O Be7 11. Qd2 O-O 12. Rfd1 Nbd7 13. Rac1 Rfe8 14.
a3 Rac8 15. b4 Qb8 16. Bf1 Bd8 17. Nb3 Bc7 18. h3 Ne5 19. Na4 Bc6 20. Nc3 Ng6 21. Nd4 Bb7 22. Qf2 d5 23. cxd5 exd5 24. exd5 Bh2+ 25.
Kh1 Nh5 26. Nde2 Ne5 27. g4 Nc4 28. gxh5 Nxe3 29. Qxh2 Qxh2+ 30. Kxh2 Nxd1 31. Rxd1 Red8 32. Bg2 f5 33. f4 Rd6 34. Rd2 Rcd8 35. Kg3 Rc8 36.
Na4 Rc4 37. Bf3 g6 38. hxg6 Rxg6+ 39. Kf2 Rd6 40. Nb2 Rc7 41. Na4 Rc4 42. Nb2 Rc7 43. Na4 Rc4 1/2-1/2

[Event "*** SCC Grand Prix: Titled Tuesday Blitz"]
[Site "Chess.com"]
[Date "2020.07.21"]
[Round "10"]
[White "Lagmantr"]
[Black "Paul66666"]
[Result "0-1"]
[WhiteElo "2626"]
[BlackElo "2527"]
[TimeControl "180+1"]
[EndTime "12:00:35 PDT"]
[Termination "Paul66666 won on time"]

1. e4 e6 2. d4 d5 3. exd5 exd5 4. Bd3 Bd6 5. Nf3 Nf6 6. Qe2+ Qe7 7. Qxe7+ Bxe7 8. O-O O-O 9. Re1 Re8 10. Bg5 Be6 11. Nc3 c6 12. Ne5 Nbd7 13. f4 h6 14. f5 Nxe5 15.
dxe5 Bc5+ 16. Be3 Bxe3+ 17. Rxe3 Bd7 18. Ree1 Ng4 19. e6 fxe6 20. fxe6 Rxe6 21. Rxe6 Bxe6 22. h3 Ne5 23. Re1 Nxd3 24. cxd3 Kf7 25. d4 b6 26. Ne2 g5 27. Rc1 Rc8 28. b4 Ke7 29. Kf2 Kd6 30. Ke3 Bf5 31. Rf1 Re8+ 32. Kd2 Be4 33. g3 Ke6 34. h4 Rc8 35. Nc3 c5 36. Nxe4 dxe4 37. Rc1 Kd5 38. dxc5 bxc5 39. Ke3 c4 40. Rd1+ Ke5 41.
hxg5 hxg5 42. Rd4 c3 43. Rd1 c2 44. Rc1 Rc3+ 45. Kd2 Kd4 0-1

[Event "*** SCC Grand Prix: Titled Tuesday Blitz"]
[Site "Chess.com"]
[Date "2020.07.21"]
[Round "10"]
[White "Onegust"]
[Black "MacDaddyMac"]
[Result "0-1"]
[WhiteElo "2548"]
[BlackElo "2379"]
[TimeControl "180+1"]
[EndTime "12:00:36 PDT"]
[Termination "MacDaddyMac won on time"]

1. d4 Nf6 2. c4 e6 3. Nc3 Bb4 4. Bd2 c5 5. e3 cxd4 6. exd4 d5 7. Nf3 Nc6 8. Be2 h6 9. cxd5 Nxd5 10. Nxd5 Bxd2+ 11. Qxd2 Qxd5 12. Rc1 Bd7 13. a3 O-O 14. O-O Rfd8 15.
Rc5 Qd6 16. Rd1 Be8 17. Qc1 b6 18. Rc3 Qd5 19. Bc4 Qh5 20. d5 exd5 21. Be2 Qg6 22. Bb5 Ne7 23. Bxe8 Rxe8 24. Rc7 Rac8 25. Ne5 Qd6 26.
Rxc8 Rxc8 27. Qe3 d4 28. Qf4 f6 29. Ng6 Qxf4 30. Nxf4 Nc6 31. h3 Kf7 32. Kf1 Rd8 33.
Ke2 g5 34. Nd3 Ne5 35. f4 Nxd3 36. Kxd3 gxf4 37. Ke4 Ke6 38. Kxf4 Rd5 39. Ke4 Re5+ 40.
Kd3 Kd5 41. Rd2 Re3+ 42. Kc2 Rg3 43. Rf2 Ke5 44. Kd2 f5 45. Re2+ Kf4 46. Rf2+ Ke4 47. Re2+ Re3 48. Rf2 f4 49. Kc2 d3+ 50. Kd2 Rg3 51.
Rf1 Rxg2+ 52. Kc3 Rc2+ 53. Kb3 Re2 54. Rg1 d2 55. Rg8 d1=Q+ 56. Kb4 Qd4+ 57. Kb5 Qd5+ 0-1

[Event "*** SCC Grand Prix: Titled Tuesday Blitz"]
[Site "Chess.com"]
[Date "2020.07.21"]
[Round "10"]
[White "RoelandPruijssers"]
[Black "Alopekos"]
[Result "1/2-1/2"]
[WhiteElo "2544"]
[BlackElo "2369"]
[TimeControl "180+1"]
[EndTime "12:00:37 PDT"]
[Termination "Game drawn by repetition"]

1. e4 c5 2. Nf3 e6 3. d4 cxd4 4.
Nxd4 Nc6 5. Nc3 Qc7 6. g3 a6 7.
Bg2 h5 8. h3 h4 9. g4 Ne5 10.
f4 Nc4 11. Qd3 b5 12. b3 Na3 13. O-O Bb7 14. Nce2 Rc8 15. c3 Nf6 16. f5 e5 17. Nc2 Nxc2 18. Qxc2 d5 19. exd5 Nxd5 20. Qe4 Ba8 21. Qd3 Bc5+ 22. Kh1 Rd8 23. Qc2 O-O 24. g5 Ne3 25. Bxe3 Bxe3 26. Bxa8 Rxa8 27. Qe4 Bxg5 28. Rad1 f6 29. Rd5 Rad8 30. Rfd1 Rxd5 31. Rxd5 Rd8 32. Qd3 Rxd5 33. Qxd5+ Kh7 34. c4 bxc4 35. bxc4 Qb6 36. Kg2 Qe3 37. Qf3 Qd2 38. Qh5+ Kg8 39. Qe8+ Kh7 40. Qh5+ Kg8 41. Qf3 Qc2 42. Qd5+ Kh7 43. Kf3 Qxa2 44. Qf7 Qb3+ 45. Kg2 Qe3 46. Qh5+ Kg8 47.
Qe8+ Kh7 48. Qg6+ Kg8 49. Qe8+ Kh7 50. Qh5+ Kg8 51. Qf3 Qd2 52. Qa8+ Kh7 53. Qf3 Qc2 54. Qh5+ Kg8 55. Qe8+ Kh7 56. Qh5+ Kg8 57. Qe8+ Kh7 58. Qg6+ Kg8 59. Qe8+ 1/2-1/2

[Event "*** SCC Grand Prix: Titled Tuesday Blitz"]
[Site "Chess.com"]
[Date "2020.07.21"]
[Round "10"]
[White "WildTricks"]
[Black "PavelChernomordik"]
[Result "1-0"]
[WhiteElo "2490"]
[BlackElo "2351"]
[TimeControl "180+1"]
[EndTime "12:00:38 PDT"]
[Termination "WildTricks won by resignation"]

1. e4 g6 2. d4 Bg7 3. Nf3 d6 4. Bd3 c5 5. dxc5 dxc5 6. O-O Nc6 7. Nc3 Nf6 8. Be3 b6 9. Qe2 O-O 10. e5 Ng4 11. Rad1 Nxe3 12. Qxe3 Qc7 13. Be4 Bb7 14.
e6 f5 15. Bd5 a6 16. Ng5 Nd4 17. Qh3 h6 18. Nf7 h5 19. Rd2 Bf6 20. Re1 Kg7 21.
Re3 f4 22. Re4 f3 23. gxf3 Rad8 24. Bxb7 Qxb7 25. Kg2 b5 26. Qg3 Nf5 27. Qf4 Rxd2 28. Qxd2 b4 29. Nd5 Bd4 30. c3 Qxd5 31. cxd4 cxd4 32.
Qxb4 d3 33. Qd2 Rc8 34. Ne5 Qxe6 35. Nxd3 Qd5 36. Qe2 Rc7 37. Nf4 Qd6 38. Ne6+ Kf6 39. Nxc7 Qxc7 40. Re6+ Kf7 41. Re4 g5 42. Qc4+ Qxc4 43.
Rxc4 Nd6 44. Ra4 Kf6 45. Rxa6 Kf5 46. a4 Nc4 47. a5 g4 48. fxg4+ hxg4 49. Rc6 Ne5 50.
Rc5 Kf4 51. Rxe5 Kxe5 52. a6 1-0